 Dungeon Crawl Stone Soup version 0.18-b1-14-g029dad2 (webtiles) character file.

30 Alarkh the Poker (level 3, -6/27 HPs)
             Began as a Mummy Skald on Apr 30, 2016.
             Mangled by Natasha (8 damage)
             ... on level 2 of the Dungeon.
             The game lasted 00:02:21 (1287 turns).

Alarkh the Poker (Mummy Skald)                      Turns: 1287, Time: 00:02:22

Health: -6/27      AC:  3    Str: 15    XL:     3   Next: 3%
Magic:  4/6        EV: 11    Int: 12    God:
Gold:   77         SH:  0    Dex: 11    Spells: 3 memorised, 1 level left

rFire  x . .     SeeInvis .     a - +0 spear
rCold  + . .     Gourm    .     b - +0 leather armour
rNeg   + + +     Faith    .     (no shield)
rPois  ∞         Spirit   .     (no helmet)
rElec  .         Dismiss  .     (no cloak)
rCorr  .         Reflect  .     (no gloves)
SustAt .         Harm     .     (no boots)
MR     .....                    (no amulet)
Stlth  +.........               (no ring)
                                (no ring)

@: infused, slowed, very slow, not resistant to hostile enchantments, very
unstealthy
A: no food or potions, fire vulnerability, cold resistance 1, negative energy
resistance 3, torment resistance, unbreathing
a: no special abilities


You were on level 2 of the Dungeon.
You were not hungry.

You visited 1 branch of the dungeon, and saw 2 of its levels.

You collected 77 gold pieces.

Inventory:

Hand Weapons
 a - a +0 spear (weapon)
Armour
 b - a +0 leather armour (worn)
Scrolls
 d - 2 scrolls of identify {unknown}
 e - a scroll of immolation {unknown}
Books
 c - a book of Battle

   Spells                             Type                      Level
   a - Infusion                       Charms                       1
   b - Shroud of Golubria             Charms/Translocation         2
   c - Song of Slaying                Charms                       2
   d - Spectral Weapon                Hexes/Charms                 3
   e - Regeneration                   Charms/Necromancy            3


   Skills:
 - Level 2.0 Fighting
 + Level 2.9 Polearms
 - Level 0.7 Armour
 - Level 0.7 Dodging
 - Level 2.0 Spellcasting
 - Level 2.4 Charms


You had one spell level left.
You knew the following spells:

 Your Spells              Type           Power        Failure   Level  Hunger
a - Infusion              Chrm           #...         14%         1    N/A
b - Song of Slaying       Chrm           #.......     21%         2    N/A
c - Shroud of Golubria    Chrm/Tloc      #.........   34%         2    N/A

Dungeon Overview and Level Annotations

Branches:
Dungeon (2/15)

Altars:

Annotations:
D:2 Natasha


Innate Abilities, Weirdness & Mutations

You do not eat or drink.
Your flesh is vulnerable to fire.
You are immune to poison.
Your flesh is cold resistant.
You are immune to negative energy.
You are immune to unholy pain and torment.
You can survive without breathing.


Message History

Natasha claws you!
You are too injured to fight recklessly!
You closely miss Natasha.
Natasha is lightly wounded.
Natasha claws you.
Natasha howls an incantation.
Natasha glows brightly for a moment.
Natasha claws you.
You hit Natasha.
Natasha is lightly wounded.
Natasha completely misses you.
You closely miss Natasha.
Natasha is lightly wounded.
Natasha claws you!
* * * LOW HITPOINT WARNING * * *
Natasha completely misses you.
You barely miss Natasha.
Natasha is lightly wounded.
Natasha claws you!
You die...

#.....# .# #..##.#####
##.# ##........# ...#
#........## ...##..
#.........####.......
#.........##.$....#
#............#.......
##.........h.........
#######........#@##...#.##
..............##..#.#.# #
..............###...#.#
.........†....# ###...#
.......#.#.#### .#....
.........#... # #..
...........#... .
.............<..
...†............


You could see Natasha.

Vanquished Creatures
  2 dart slugs (D:1)
  A giant gecko (D:1)
  2 bats (D:1)
  2 giant cockroaches (D:1)
  A hobgoblin (D:1)
  A quokka (D:2)
  A giant newt (D:1)
  5 goblins
  2 kobolds (D:1)
  8 rats
25 creatures vanquished.

Notes
Turn   | Place    | Note
--------------------------------------------------------------
     0 | D:1      | Alarkh the Mummy Skald began the quest for the Orb.
     0 | D:1      | Reached XP level 1. HP: 16/16 MP: 3/3
   353 | D:1      | Reached XP level 2. HP: 13/22 MP: 0/5
  1083 | D:2      | Reached XP level 3. HP: 13/27 MP: 2/6
  1087 | D:2      | Learned a level 2 spell: Song of Slaying
  1090 | D:2      | Learned a level 2 spell: Shroud of Golubria
  1271 | D:2      | Noticed Natasha
  1287 | D:2      | Mangled by Natasha

Skill      XL: |  1 |
---------------+----+-----
Polearms       | 2 |  2.9
Fighting       | |  2.0
Armour         | |  0.7
Dodging        | |  0.7
Spellcasting   | |  2.0
Charms         | |  2.4

Action                   || total
-------------------------++-------
Melee: Spear             ||    74
 Cast: Infusion          ||    17
Armor: Leather armour    ||     8
Dodge: Dodged            ||    24
